 Dungeon Crawl Stone Soup version 0.31-a0-1074-g0b22e4e0f1 (webtiles) character file.

Game seed: 11303267451022200946

14 Lobster4 the Firebug (level 2, -2/22 HPs)
             Began as a Hill Orc Fire Elementalist on Dec 5, 2023.
             Slain by an adder (3 damage)
             ... on level 2 of the Dungeon.
             The game lasted 00:02:21 (1195 turns).

Lobster4 the Firebug (Hill Orc Fire Elementalist)   Turns: 1195, Time: 00:02:21

Health: -2/22      AC:  2    Str: 10    XL:     2   Next: 45%
Magic:  0/4        EV: 12    Int: 15    God:
Gold:   82         SH:  0    Dex: 11    Spells: 3/4 levels left

rFire   . . .        k - +0 rapier
rCold   . . .        (no shield)
rNeg    . . .        a - +0 robe
rPois   .            (no helmet)
rElec   .            (no cloak)
rCorr   .            (no gloves)
SInv    .            (no boots)
Will    .....        (no amulet)
Stlth   ++           (no ring)
HPRegen 0.23/turn    (no ring)
MPRegen 0.09/turn

%: no passive effects
@: brilliant
A: no striking features
a: no special abilities


You were on level 2 of the Dungeon.
You visited 1 branch of the dungeon, and saw 2 of its levels.

You collected 82 gold pieces.

Inventory:

Hand Weapons
 e - a +0 whip
 k - a +0 rapier (weapon)
Missiles
 h - 4 poisoned darts (quivered)
 i - 9 stones
Armour
 a - a +0 robe (worn)
Scrolls
 c - 3 scrolls of identify {unknown}
 d - a scroll of noise {unknown}
 j - a scroll of fog {unknown}
 l - a scroll of enchant armour {unknown}
Potions
 b - a potion of magic
 g - a potion of lignification {unknown}


   Skills:
 + Level 0.6 Fighting
 + Level 0.2 Throwing
 + Level 0.5 Armour
 + Level 1.7 Dodging
 - Level 1.5 Stealth
 + Level 1.6 Spellcasting
 + Level 1.2 Conjurations
 * Level 3.5 Fire Magic


You had 3 spell levels left.
You knew the following spells:

 Your Spells              Type           Power      Damage    Failure   Level
a - Foxfire               Conj/Fire      48%        2x1d6     9%          1

Your spell library contained the following spells:

 Spells                   Type           Power      Damage    Failure   Level
 Scorch                   Fire           34%        2d6       9%          2
 Inner Flame              Hex/Fire       9%         N/A       32%         3
 Volatile Blastmotes      Fire/Tloc      18%        2d11      32%         3
 Flame Wave               Conj/Fire      12%        2d6       65%         4


Dungeon Overview and Level Annotations

Branches:
Dungeon (2/15)

Altars:
Trog


Message History

You are poisoned.
The adder poisons you!
You feel sick. The adder attacks as it pursues you! The adder bites you.
Casting: Foxfire (safe; 9% risk of failure)
Confirm with . or Enter, or press ? or * to list all spells.
You conjure some foxfire!
You feel sick. The adder bites you.
Unknown command.
Casting: Foxfire (safe; 9% risk of failure)
Confirm with . or Enter, or press ? or * to list all spells.
You conjure some foxfire!
You feel sick.
The foxfire hits the adder but does no damage.
The foxfire hits the adder.
The adder is lightly wounded.
The adder bites you but does no damage.
Unknown command.
Casting: Foxfire (safe; 9% risk of failure)
Confirm with . or Enter, or press ? or * to list all spells.
You conjure some foxfire!
You feel sick.
The foxfire hits the adder.
The adder is moderately wounded.
The adder bites you. x2
* * * LOW HITPOINT WARNING * * *
Unknown command.
You closely miss the adder.
The adder is lightly wounded.
You feel sick.
The foxfire hits the adder but does no damage.
The adder is lightly wounded.
The foxfire hits the adder.
The adder is moderately wounded.
The foxfire hits the adder.
The adder is severely wounded.
The adder bites you.
* * * LOW HITPOINT WARNING * * *
It was a potion of brilliance.
You feel clever all of a sudden.
* * * LOW HITPOINT WARNING * * *
You feel sick.
You are no longer poisoned.
The adder bites you.
You die...

### # #<# #. #.#
#.### #.# #...### #.#
#.#...## #.#####
#...#..## #.....#
.###.#.##..####.###.#
$...##)#S@ยง........#
..##..#..r###.......#
.. #....### #..._...#
.#.[..#### #....^..#
#.## ##......#
########


You could see an adder and a rat.

Vanquished Creatures
  A dart slug (D:1)
  A bat (D:1)
  A giant cockroach (D:2)
  A goblin (D:1)
  2 hobgoblins (D:1)
  2 kobolds (D:1)
  A quokka (D:1)
  A frilled lizard (D:1)
10 creatures vanquished.

Vanquished Creatures (others)
  43 foxfires
43 creatures vanquished.

Grand Total: 53 creatures vanquished

Notes
Turn   | Place    | Note
-------+----------+-------------------------------------------
     0 | D:1      | Lobster4 the Hill Orc Fire Elementalist began the quest for
                  | the Orb.
     0 | D:1      | Reached XP level 1. HP: 14/14 MP: 3/3
   368 | D:1      | Reached XP level 2. HP: 15/22 MP: 0/4
  1113 | D:2      | Found a bloodstained altar of Trog.
  1195 | D:2      | HP: 1/22 [poisoned by an adder]
  1195 | D:2      | Slain by an adder

Illustrated notes

Levels and vault maps discovered:
D:1:      wander_arrival_lonely_grave, layout_loops_corners
D:2:      layout_basic, basic_altar, hellmonk_ecumenical_altar_crossroads,
          minmay_tetromino_s2

Action                     || total
---------------------------++-------
  Melee: Whip              ||     6
         Rapier            ||     1
   Cast: Foxfire           ||    30
    Use: Potion            ||     1
 Armour: Robe              ||    17
  Dodge: Dodged            ||    14

Table legend: (Time is in decaauts)
 A = Elapsed time spent in this place.
 B = Non-inter-level travel time spent in this place.
 C = Inter-level travel time spent in this place.
 D = Time resting spent in this place.
 E = Time spent auto-exploring this place.
 F = Levels seen in this place.
 G = Mean time per level.
                   A        B        C        D        E       F      G
               +--------+--------+--------+--------+--------+-----+--------+
         Total |   1194 |   1170 |     24 |    135 |    880 |   2 |  597.0 |
       Dungeon |   1194 |   1170 |     24 |    135 |    880 |   2 |  597.0 |
               +--------+--------+--------+--------+--------+-----+--------+

Top non-repeatable levels by time:
     D:1: 1110 daAuts
     D:2: 83 daAuts
